 Dungeon Crawl Stone Soup version 0.24.0-125-gc4c63601f3 (webtiles) character file.

Game seed: 8730360535183906233, levelgen mode: deterministic

2516 Ereth the Grappler (level 9, -2/84 HPs)
             Began as a Troll Abyssal Knight on Mar 10, 2020.
             Was an Elder of Lugonu.
             Slain by a killer bee (10 damage)
             ... on level 7 of the Dungeon.
             The game lasted 00:15:52 (5862 turns).

Ereth the Grappler (Troll Abyssal Knight)           Turns: 5862, Time: 00:15:52

Health: -2/84      AC:  8    Str: 24    XL:     9   Next: 29%
Magic:  6/11       EV: 11    Int:  8    God:    Lugonu [****..]
Gold:   294        SH:  0    Dex: 10    Spells: 11/12 levels left

rFire    + + .     SeeInvis .     - Unarmed
rCold    . . .     Gourm    +   (no shield)
rNeg     . . .     Faith    +   u - +2 robe {rC+ rF+}
rPois    +         Spirit   .   (helmet restricted)
rElec    .         Reflect  .   (no cloak)
rCorr    .         Harm     .   (gloves unavailable)
MR       .....                  (boots unavailable)
Stlth    ++........             q - amulet of faith
HPRegen  0.64/turn              f - ring of fire
MPRegen  0.12/turn              t - ring of poison resistance

@: lethally poisoned (-2 -> -2)
A: large, unfitting armour, claws 3, fast metabolism 3, gourmand, regeneration
1, shaggy fur 1, tough skin 3
a: Depart the Abyss, Bend Space, Banish, Corrupt, Renounce Religion


You were on level 7 of the Dungeon.
You worshipped Lugonu.
Lugonu was greatly pleased with you.
You were very full.

You visited 1 branch of the dungeon, and saw 7 of its levels.
You visited the Abyss 1 time.

You collected 294 gold pieces.

Inventory:

Missiles
 k - a javelin (quivered)
Armour
 u - a +2 robe of resistance (worn)
Jewellery
 f - a ring of fire (left claw)
 l - an uncursed ring of fire
 q - an amulet of faith (around neck)
 t - a ring of poison resistance (right claw)
Wands
 a - a wand of acid (9)
 r - a wand of polymorph (28)
 w - a wand of iceblast (10)
Scrolls
 c - 2 scrolls of teleportation
 d - 3 scrolls of identify
 e - 3 scrolls of remove curse
 o - a scroll of magic mapping
 v - a scroll of enchant weapon
Potions
 g - a potion of lignification
 h - a potion of brilliance
 i - 3 potions of haste
 j - a potion of flight
 m - a potion of heal wounds {unknown}
 n - 2 potions of curing {unknown}
 p - a potion of cancellation {unknown}
 s - 2 potions of degeneration {unknown}
 x - a potion of resistance {unknown}
 z - a potion of mutation {unknown}
Comestibles
 b - 11 rations
 A - a chunk of flesh


   Skills:
 + Level 3.8 Fighting
 + Level 1.9 Throwing
 + Level 4.7 Dodging
 + Level 1.5 Stealth
 + Level 8.7 Unarmed Combat
 + Level 2.3 Spellcasting
 + Level 2.1 Necromancy
 + Level 2.6 Invocations


You had 11 spell levels left.
You knew the following spells:

 Your Spells              Type           Power        Failure   Level  Hunger
a - Animate Skeleton      Necr           N/A          14%         1    ##.....

Your spell library contained the following spells:

 Spells                   Type           Power        Failure   Level  Hunger
 Apportation              Tloc           #.....       34%         1    ##.....
 Confusing Touch          Hex            #.....       34%         1    ##.....
 Summon Small Mammal      Summ           #...         34%         1    ##.....


Dungeon Overview and Level Annotations

Branches:
Dungeon (7/15)
 Temple: D:4-7

Altars:
Elyvilon
Sif Muna
Vehumet
Yredelemnul
Zin

Annotations:
D:4 1 runed translucent door, hurston's ghost, novice GrFi
D:5 1 runed translucent door
D:7 1 transporter


Innate Abilities, Weirdness & Mutations

You are too large for most types of armour.
You have claws for hands.
Your metabolism is lightning-fast.
You like to eat raw meat.
Your natural rate of healing is unusually fast.
You are covered in fur. (AC +1)
You have extremely tough skin. (AC +3)


Message History

The orc closely misses you.
The killer bee stings your hippogriff skeleton!
Space bends around you!
You blink.
You feel sick.
The killer bee stings your hippogriff skeleton.
The killer bee stings you.
* * * LOW HITPOINT WARNING * * *
The killer bee barely misses you. The killer bee stings you.
* * * LOW HITPOINT WARNING * * *
Space bends around you!
You blink.
A bullfrog comes into view.
You feel sick.
The killer bee stings your hippogriff skeleton!
The orc throws a stone.
The stone hits you but does no damage.
Your hippogriff skeleton bites the killer bee but does no damage.
Your hippogriff skeleton barely misses the killer bee.
Your hippogriff skeleton completely misses the killer bee.
You feel sick.
The bullfrog croaks.
You hear a shout! x5
The killer bee stings you!
You die...

...>.............[.......###
..%...................†....##
(................#.....##...#
......o(.........##.#..#^..##
(..#.....o...#...#..#.##..###
...########.....o......#....##
### #....#.....§......<#
#...##ooy.........##
○°#.####@yyZ.........## .$(#..
#yo.........<..#
○°?©#©...................#
.○[$#.....####...........#
.°○.##.... #.............#
#.... ##............. #..F..
#...##......## ##..#.
....###.....## #.##. ..Z...
##.)..#


You could see a bullfrog, 4 killer bees, an orc priest, 3 orcs and a friendly
hippogriff skeleton.

Vanquished Creatures
  Pikel (D:5)
  A hippogriff (D:7)
  Eustachio (D:5)
  Duvessa (D:6)
  An ice beast (D:6)
  A phantom (D:4)
  A centaur (D:6)
  2 ogres (D:6)
  A bullfrog (D:6)
  Dowan (D:6)
  2 scorpions
  6 killer bees
  A wight (D:6)
  A quasit (D:6)
  3 hounds
  A bullfrog skeleton (D:6)
  A centaur zombie (D:6)
  A jelly (D:6)
  An orc wizard (D:3)
  2 iguanas (D:6)
  2 worker ants
  10 adders
  3 gnolls (D:6)
  2 shadow imps
  2 oozes
  An adder zombie (D:6)
  4 worms
  3 dart slugs
  4 leopard geckos
  5 orcs
  7 bats
  6 giant cockroaches
  11 goblins
  7 hobgoblins
  11 jackals
  3 kobolds
  5 quokkas
  3 ball pythons
  3 frilled lizards
  A jackal skeleton (D:2)
  9 rats
132 creatures vanquished.

Vanquished Creatures (collateral kills)
  A scorpion (D:4)
  3 wights (D:6)
  A howler monkey (D:6)
  A quokka (D:6)
6 creatures vanquished.

Vanquished Creatures (others)
  A slave (D:5)
  A bat (D:2)
2 creatures vanquished.

Grand Total: 140 creatures vanquished

Notes
Turn   | Place    | Note
-------+----------+-------------------------------------------
     0 | Abyss:1  | Ereth the Troll Abyssal Knight began the quest for the Orb.
     0 | Abyss:1  | Reached XP level 1. HP: 22/22 MP: 1/1
     0 | D:1      | Escaped the Abyss
   220 | D:1      | Reached XP level 2. HP: 28/29 MP: 2/2
   526 | D:1      | Reached * piety under Lugonu
   694 | D:1      | Reached XP level 3. HP: 36/36 MP: 3/3
   957 | D:2      | Found a radiant altar of Vehumet.
  1103 | D:2      | Found a runed translucent door.
  1103 | D:2      | Noticed a human
  1104 | D:2      | Found a basalt altar of Yredelemnul.
  1263 | D:2      | Found a faded altar of an unknown god.
  1358 | D:2      | Reached XP level 4. HP: 33/44 MP: 4/4
  1656 | D:2      | Reached skill level 3 in Unarmed Combat
  2096 | D:3      | Reached ** piety under Lugonu
  2239 | D:3      | Learned a level 1 spell: Animate Skeleton
  2279 | D:3      | Found a white marble altar of Elyvilon.
  2284 | D:3      | Reached XP level 5. HP: 42/52 MP: 5/5
  2391 | D:3      | Reached skill level 4 in Unarmed Combat
  2933 | D:4      | Noticed a phantom
  2943 | D:4      | Killed a phantom
  2943 | D:4      | Reached XP level 6. HP: 45/61 MP: 4/6
  3038 | D:4      | Reached *** piety under Lugonu
  3038 | D:4      | Reached skill level 1 in Necromancy
  3066 | D:4      | Found a runed translucent door.
  3067 | D:4      | Noticed hurston's ghost (novice GrFi)
  3122 | D:4      | Reached skill level 1 in Spellcasting
  3323 | D:4      | Found a shimmering blue altar of Sif Muna.
  3423 | D:5      | Entered Level 5 of the Dungeon
  3579 | D:5      | Noticed Pikel
  3579 | D:5      | Noticed a slave
  3580 | D:5      | Noticed a slave
  3580 | D:5      | Noticed a slave
  3607 | D:5      | Noticed a slave
  3715 | D:5      | Killed Pikel
  3715 | D:5      | Reached skill level 6 in Unarmed Combat
  3715 | D:5      | Reached XP level 7. HP: 25/67 MP: 6/8
  3904 | D:5      | Noticed Eustachio
  3977 | D:5      | Killed Eustachio
  3977 | D:5      | Reached skill level 1 in Stealth
  3977 | D:5      | Reached XP level 8. HP: 73/75 MP: 9/9
  4065 | D:5      | Found a runed translucent door.
  4110 | D:5      | Found a glowing silver altar of Zin.
  4110 | D:5      | Noticed an angel
  4890 | D:6      | Reached skill level 7 in Unarmed Combat
  5057 | D:6      | Reached skill level 1 in Throwing
  5081 | D:6      | Noticed Duvessa
  5081 | D:6      | Noticed Dowan
  5110 | D:6      | Killed Duvessa
  5125 | D:6      | Killed Dowan
  5267 | D:6      | Reached skill level 8 in Unarmed Combat
  5359 | D:6      | Reached XP level 9. HP: 80/84 MP: 11/11
  5425 | D:6      | Reached **** piety under Lugonu
  5775 | D:7      | Found a white marble altar of Elyvilon.
  5846 | D:7      | Found a transporter.
  5862 | D:7      | Slain by a killer bee

Levels and vault maps discovered:
D:1:      dpeg_arrival_simpleton_a, layout_loops_corners
D:2:      layout_loops_corners, nicolae_overflow_hidden_temple,
          chequers_ecumenical_altar_grove, dk_yredelemnul_ordeal
D:3:      layout_basic, old_standard_altar
D:4:      layout_loops_ring, hellmonk_ghost_happy_afterlife, led_sif_pool
D:5:      layout_basic, first_ration, lemuel_angel_altar, uniq_eustachio,
          uniq_pikel
D:6:      layout_rooms, gup_sewer_entry_bowl, uniq_duvessa
D:7:      gammafunk_cloud_chamber, layout_cave_pools,
          minmay_temple_entry_butterflies, basic_altar

Skill      XL: |  1  2  3  4  5  6  7  8 |
---------------+-------------------------+-----
Dodging        | 2 3 4 |  4.7
Invocations    | 2 |  2.6
Unarmed Combat | 3 4 6 8 |  8.7
Fighting       | 3 |  3.8
Necromancy     | 1 2 |  2.1
Spellcasting   | 1 2 |  2.3
Stealth        | 1 |  1.5
Throwing       | 1 |  1.9

Action                   |  1- 3 |  4- 6 |  7- 9 || total
-------------------------+-------+-------+-------++-------
Melee: Unarmed           |   121 |   185 |   187 ||   493
       Punch             |     1 |     1 |     4 ||     6
Throw: Javelin           |       |     7 |    26 ||    33
 Cast: Animate Skeleton  |       |    15 |    10 ||    25
Invok: Depart the Abyss  |     1 |       |       ||     1
       Bend Space        |       |     1 |     9 ||    10
  Use: Scroll            |     5 |     2 |     2 ||     9
       Potion            |       |       |     2 ||     2
 Stab: Distracted        |       |     1 |     1 ||     2
       Sleeping          |       |       |     2 ||     2
  Eat: Chunk             |    17 |    21 |    19 ||    57
       Ration            |       |       |     1 ||     1
Armor: Robe              |    62 |    99 |    52 ||   213
       Skin              |       |       |     1 ||     1
Dodge: Dodged            |    65 |    99 |   149 ||   313
